 Dungeon Crawl Stone Soup version 0.31-a0-543-geaa9c7a2c0 (webtiles) character file.

Game seed: 1956255922678474478

18553 AdnanSaban the Basher (level 12, -4/77 HPs)
             Began as a Gargoyle Fighter on Aug 15, 2023.
             Was a High Priest of Okawaru.
             Slain by a tarantella (8 damage)
             ... on level 2 of the Lair of Beasts.
             The game lasted 00:16:00 (12467 turns).

AdnanSaban the Basher (Gargoyle Fighter)           Turns: 12467, Time: 00:16:01

Health: -4/77      AC: 26    Str: 24    XL:     12   Next: 59%
Magic:  15/15      EV: 12    Int: 10    God:    Okawaru [*****.]
Gold:   788        SH: 11    Dex: 15    Spells: 11/11 levels left

rFire   . . .        P - +3 flail
rCold   x . .        c - +0 buckler
rNeg    + . .        p - +5 scale mail of the Apprentice {rPois rC- Dex+6 Slay+3}
rPois   ∞            (no helmet)
rElec   +            F - +0 cloak
rCorr   +            x - +0 pair of gloves
SInv    +            K - +0 pair of boots
Will    .....        R - amulet of reflection
Stlth   +            r - ring of resist corrosion
HPRegen 0.32/turn    D - ring of see invisible
MPRegen 0.14/turn

%: reflection
@: no status effects
A: sickness immunity, AC +8, negative energy resistance 1, electricity
resistance, torment resistance 1, petrification resistance
a: Renounce Religion, Heroism, Finesse, Duel


You were on level 2 of the Lair of Beasts.
You worshipped Okawaru.
Okawaru was extremely pleased with you.
You visited 3 branches of the dungeon, and saw 15 of its levels.

You collected 788 gold pieces.

Inventory:

Hand Weapons
 E - a +0 morningstar
 P - a +3 flail (weapon)
Missiles
 o - 19 boomerangs
 y - a throwing net
 B - 17 poisoned darts (quivered)
 S - 8 curare-tipped darts
Armour
 c - a +0 buckler (worn)
 p - the +5 scale mail of the Apprentice (worn) {rPois rC- Dex+6 Slay+3}
   (You found it on level 2 of the Dungeon)

   Dex+6:     It affects your dexterity (+6).
   Slay+3:    It affects your accuracy & damage with ranged weapons and melee
   (+3).
   rC-:       It makes you vulnerable to cold.
   rPois:     It protects you from poison
 x - a +0 pair of gloves (worn)
 F - a +0 cloak (worn)
 K - a +0 pair of boots (worn)
Jewellery
 r - a ring of resist corrosion (left hand)
 D - a ring of see invisible (right hand)
 N - a +5 ring of evasion
 O - a ring of protection from fire
 R - an amulet of reflection (around neck)
 T - a +4 ring of slaying
 U - an amulet of the acrobat
Wands
 I - a wand of digging (4)
Scrolls
 a - a scroll of brand weapon {unknown}
 e - 6 scrolls of enchant weapon {unknown}
 g - 17 scrolls of identify {unknown}
 i - 2 scrolls of summoning {unknown}
 j - 3 scrolls of revelation {unknown}
 l - 5 scrolls of teleportation {unknown}
 m - 2 scrolls of fear {unknown}
 n - 7 scrolls of amnesia {unknown}
 q - 2 scrolls of vulnerability {unknown}
 s - 2 scrolls of immolation {unknown}
 t - a scroll of noise {unknown}
 w - a scroll of poison {unknown}
 z - 2 scrolls of blinking {unknown}
 G - 2 scrolls of enchant armour {unknown}
 H - 2 scrolls of silence {unknown}
 M - 2 scrolls of fog {unknown}
Potions
 b - 3 potions of enlightenment {unknown}
 d - 4 potions of might
 f - 4 potions of brilliance {unknown}
 h - 4 potions of cancellation {unknown}
 k - 2 potions of curing {unknown}
 u - a potion of degeneration {unknown}
 v - 4 potions of resistance {unknown}
 A - 6 potions of heal wounds {unknown}
 C - 2 potions of haste {unknown}
 J - 4 potions of ambrosia {unknown}
 L - a potion of attraction {unknown}
 Q - a potion of magic {unknown}


   Skills:
 + Level 9.6 Fighting
 + Level 13.4 Maces & Flails
 + Level 1.9 Throwing
 + Level 9.6 Armour
 + Level 4.8 Dodging
 + Level 1.8 Stealth
 + Level 8.0 Shields
 * Level 4.7 Invocations


You had 11 spell levels left.
You didn't know any spells.
Your spell library contained the following spells:

 Spells                   Type           Power      Damage    Failure   Level
 Foxfire                  Conj/Fire      0%         2x1d4     67%         1
 Magic Dart               Conj           0%         1d3       67%         1
 Shock                    Conj/Air       0%         1d3       67%         1
 Blink                    Tloc           0%         N/A       80%         2
 Ensorcelled Hibernation  Hex/Ice        0%         N/A       80%         2
 Lesser Beckoning         Tloc           0%         N/A       80%         2
 Momentum Strike          Conj/Tloc      0%         3d8       80%         2
 Wereblood                Tmut           0%         N/A       80%         2
 Mephitic Cloud           Conj/Pois/Air  0%         N/A       95%         3
 Portal Projectile        Hex/Tloc       0%         N/A       95%         3
 Swiftness                Air            0%         N/A       95%         3
 Volatile Blastmotes      Fire/Tloc      0%         2d10      95%         3
 Airstrike                Air            0%         2d(0-16)  100%        4
 Anguish                  Hex/Necr       0%         N/A       100%        4
 Fulminant Prism          Conj/Hex       0%         3d5       100%        4
 Iskenderun's Mystic Bla  Conj/Tloc      0%         2d3       100%        4
 Borgnjor's Vile Clutch   Necr/Erth      0%         N/A       100%        5
 Irradiate                Conj/Tmut      0%         3d11      100%        5
 Dispersal                Tloc           0%         N/A       100%        6
 Plasma Beam              Fire/Air       0%         2x1d10    100%        6
 Starburst                Conj/Fire      0%         6d3       100%        6
 Orb of Destruction       Conj           0%         9d5       100%        7
 Call Imp                 Summ           Unusable   N/A       N/A         2
 Summon Guardian Golem    Hex/Summ       Unusable   N/A       N/A         3
 Spellforged Servitor     Conj/Summ      Unusable   N/A       N/A         7

Dungeon Overview and Level Annotations

Branches:
Dungeon (12/15)            Temple (1/1) D:7            Lair (2/5) D:9
 Spider (0/4) Lair:2          Orc (0/2) D:11
  Swamp: Lair:2-3    Shoals: Lair:2-3

Altars:
Ashenzari
Cheibriados
Dithmenos
Elyvilon
Fedhas
Gozag
Hepliaklqana
Kikubaaqudgha
Makhleb
Nemelex Xobeh
Okawaru
Qazlal
Ru
Sif Muna
Trog
Uskayaw
Vehumet
Wu Jian
Xom
Yredelemnul
Zin
The Shining One

Shops:
D:2 ![*(?

Annotations:
D:10 exclusion: obsidian statue
Lair:2 1 runed translucent door, tape's ghost, journeyman TrFi


Innate Abilities, Weirdness & Mutations

You are immune to sickness and miasma.
Your stone body is resilient. (AC +8)
You are immune to poison.
You resist negative energy. (rN+)
You are resistant to electric shocks. (rElec)
You are resistant to unholy torment.
You are immune to petrification.


Message History

The tarantella attacks as you move away!
The tarantella touches you but does no damage.
The tarantella barely misses you. The tarantella misses you.
The tarantella attacks as you move away!
The tarantella barely misses you.
You feel less confused.
You hit the tarantella.
The tarantella is severely wounded.
The jumping spider's soul is no longer bound.
The tarantella touches you but does no damage.
The jumping spider leaps!
You block the tarantella's attack.
The tarantella attacks as you move away!
The tarantella barely misses you. The tarantella touches you.
* * * LOW HITPOINT WARNING * * *
You are confused.
The tarantella completely misses you.
You're too confused to move!
The jumping spider leaps!
The tarantella attacks as you move away!
The tarantella touches you but does no damage.
The tarantella closely misses you. The tarantella barely misses you.
You're too confused to move!
The tarantella barely misses you.
The tarantella touches you but does no damage.
The tarantella barely misses you.
The tarantella attacks as you move away!
The tarantella touches you but does no damage.
The tarantella touches you!
* * * LOW HITPOINT WARNING * * *
The tarantella touches you but does no damage.
The tarantella attacks as you move away!
The tarantella touches you.
* * * LOW HITPOINT WARNING * * *
The tarantella attacks as you move away!
The tarantella touches you.
* * * LOW HITPOINT WARNING * * *
You feel less confused.
The tarantella's soul is no longer bound.
The tarantella touches you but does no damage.
You block the tarantella's attack. The tarantella touches you!
You die...

....###.#.#..#...# P.###.##P..P.
...#######..####.####.####.##.P..
.................................
..P.P.......#.P..#.#..#..P#......
..<..............................
..#.###..P<..####................
.................................
..#..............##............#.
................@.............../
.###.###...P....ss.#.#.#.#....P#.
#######..........................
#....(#.#.#.##....##.P.#P.#.....#
+~~~~$#..........................
#W....###...#.#.PP....#.#..####.#
#########....##...P.#...##.PP#.##
.................................
##.#####.#..#.#..##..#s##.P.#..#.


You could see 2 tarantellas.

Vanquished Creatures
  A catoblepas (Lair:2)
  3 two-headed ogres
  4 death yaks
  A pharaoh ant (Lair:2)
  A black mamba (Lair:2)
  2 gargoyles
  2 cane toads (Lair:1)
  7 komodo dragons
  A kobold demonologist (D:10)
  3 trolls
  A polar bear (Lair:1)
  Grinder (D:3)
  Sigmund (D:3)
  A shadow (D:10)
  A basilisk (Lair:1)
  4 wyverns
  10 yaks (D:10)
  2 steam dragons
  An acid dragon (D:10)
  4 water moccasins
  A sky beast (D:8)
  4 orc warriors
  2 ice beasts
  2 black bears
  8 ogres
  6 wolves (Lair:2)
  4 centaurs
  7 kobold brigands
  3 gnoll sergeants
  3 scorpions
  7 bullfrogs
  12 wights
  5 killer bees (D:9)
  3 howler monkeys
  2 electric eels (Lair:1)
  6 hounds
  4 orc priests
  A gnoll bouda (D:9)
  3 iguanas
  7 orc wizards
  A sleepcap (D:6)
  Natasha (twice) (D:4)
  17 gnolls
  6 adders
  A shadow imp (D:7)
  2 white imps
  An ufetubus (D:5)
  2 worms
  3 dart slugs
  34 orcs
  5 endoplasms
  5 giant cockroaches
  5 hobgoblins
  2 jackals (D:2)
  4 quokkas
  7 ball pythons
  6 bats
  5 frilled lizards
  4 goblins
  14 kobolds
  4 rats
271 creatures vanquished.

Notes
Turn   | Place    | Note
-------+----------+-------------------------------------------
     0 | D:1      | AdnanSaban the Gargoyle Fighter began the quest for the
                  | Orb.
     0 | D:1      | Reached XP level 1. HP: 14/14 MP: 1/1
   234 | D:1      | Reached XP level 2. HP: 18/19 MP: 2/2
   449 | D:1      | Found a faded altar of an unknown god.
   795 | D:2      | Reached XP level 3. HP: 23/24 MP: 3/3
   928 | D:2      | Found a transporter.
   928 | D:2      | Found Taash's General Store.
   967 | D:2      | Found Sateuke's Antique Weapon Shoppe.
  1004 | D:2      | Found Kubofar's Armour Emporium.
  1024 | D:2      | Identified the +5 scale mail of the Apprentice {rPois rC-
                  | Dex+6 Slay+3}
  1119 | D:2      | Found a transporter.
  1204 | D:2      | Found Wibu's Distillery.
  1404 | D:2      | Found Diyjow's Magic Scroll Shop.
  1454 | D:2      | Reached XP level 4. HP: 29/29 MP: 4/4
  1686 | D:3      | Noticed Sigmund
  1701 | D:2      | Reached skill level 3 in Maces & Flails
  1957 | D:3      | Noticed Grinder
  1958 | D:3      | Paralysed by Grinder for 5 turns
  1981 | D:3      | Paralysed by Grinder for 4 turns
  1985 | D:3      | Killed Grinder
  1986 | D:3      | Reached skill level 4 in Maces & Flails
  1986 | D:3      | Reached skill level 1 in Stealth
  1986 | D:3      | Reached XP level 5. HP: 34/34 MP: 5/5
  1986 | D:3      | Reached XP level 6. HP: 39/39 MP: 6/6
  2072 | D:3      | Reached skill level 1 in Dodging
  2174 | D:3      | Found a shimmering blue altar of Sif Muna.
  2241 | D:3      | Found a white marble altar of Elyvilon.
  2298 | D:3      | Killed Sigmund
  2299 | D:3      | Reached skill level 5 in Maces & Flails
  2299 | D:3      | Reached XP level 7. HP: 44/44 MP: 7/7
  3063 | D:4      | Found a hazy altar of Hepliaklqana.
  3121 | D:4      | Reached skill level 5 in Armour
  3177 | D:4      | Found a glowing golden altar of the Shining One.
  3298 | D:4      | Noticed Natasha
  3308 | D:4      | Killed Natasha
  3338 | D:4      | Reached skill level 6 in Maces & Flails
  3404 | D:4      | Noticed Natasha
  3409 | D:4      | Killed Natasha
  3482 | D:5      | Entered Level 5 of the Dungeon
  3489 | D:5      | Reached XP level 8. HP: 48/48 MP: 8/8
  3499 | D:5      | Reached skill level 5 in Fighting
  3523 | D:5      | Identified the +0 robe of Entitlement {Regen+ Dex-4 SInv}
  3694 | D:5      | Identified the +4 whip of Expedience {heavy, Contam Will+
                  | Int+6}
  3789 | D:5      | Found an opulent altar of Gozag.
  3856 | D:5      | Reached skill level 7 in Maces & Flails
  4946 | D:6      | Reached skill level 8 in Maces & Flails
  4946 | D:6      | Reached XP level 9. HP: 26/55 MP: 9/9
  5115 | D:6      | Reached skill level 5 in Shields
  5892 | D:7      | Found a hide-covered altar of Uskayaw.
  5920 | D:7      | Reached skill level 9 in Maces & Flails
  5994 | D:7      | Got the Almanac of Distance and Nightshade
  6279 | D:7      | Found a staircase to the Ecumenical Temple.
  6616 | D:8      | Reached XP level 10. HP: 52/61 MP: 8/10
  6666 | D:8      | Found a sacrificial altar of Ru.
  6836 | Temple   | Entered the Ecumenical Temple
  6871 | Temple   | Became a worshipper of Warmaster Okawaru
  7226 | D:9      | Noticed a two-headed ogre
  7305 | D:9      | Reached skill level 10 in Maces & Flails
  7340 | D:9      | Reached * piety under Okawaru
  7695 | D:9      | Found a staircase to the Lair.
  7748 | D:9      | Found a broken altar of Ashenzari.
  7817 | D:9      | Killed a two-headed ogre
  7857 | D:9      | Found a stormy altar of Qazlal.
  8058 | D:9      | Found a blossoming altar of Fedhas.
  8159 | D:10     | Entered Level 10 of the Dungeon
  8202 | D:10     | Reached ** piety under Okawaru
  8203 | D:10     | Reached skill level 11 in Maces & Flails
  8508 | D:10     | Reached skill level 1 in Throwing
  8582 | D:10     | Noticed an obsidian statue
  8592 | D:10     | Reached XP level 11. HP: 68/68 MP: 11/11
  8631 | D:10     | Noticed a two-headed ogre
  8653 | D:10     | Killed a two-headed ogre
  8653 | D:10     | Reached *** piety under Okawaru
  9287 | D:11     | Noticed a two-headed ogre
  9363 | D:11     | Killed a two-headed ogre
  9363 | D:11     | Reached **** piety under Okawaru
  9381 | D:10     | Reached skill level 12 in Maces & Flails
 10042 | D:11     | Found a staircase to the Orcish Mines.
 10121 | D:11     | Reached skill level 1 in Invocations
 10456 | Lair:1   | Entered Level 1 of the Lair of Beasts
 10565 | Lair:1   | Reached ***** piety under Okawaru
 10729 | Lair:2   | Found a runed translucent door.
 10729 | Lair:2   | Noticed tape's ghost (journeyman TrFi)
 10768 | Lair:2   | Noticed a death yak
 10785 | Lair:2   | Killed a death yak
 10786 | Lair:2   | Reached XP level 12. HP: 61/76 MP: 13/13
 10834 | Lair:2   | Noticed a death yak
 10834 | Lair:2   | Noticed a death yak
 11142 | Lair:1   | Identified the +1 ring mail "Xuxkoh" {Contam Str+5}
                  | (Okawaru gifted it to you on level 1 of the Lair of Beasts)
 11142 | Lair:1   | Received a gift from Okawaru
 11616 | Lair:2   | Noticed a death yak
 11633 | Lair:1   | Killed a death yak
 11668 | Lair:2   | Noticed a catoblepas
 11697 | Lair:2   | Killed a catoblepas
 11698 | Lair:2   | Reached skill level 13 in Maces & Flails
 11855 | Lair:1   | Killed a death yak
 11987 | Lair:2   | Killed a death yak
 12434 | Lair:2   | Found a hole to the Spider Nest.
 12466 | Lair:2   | HP: 3/77 [tarantella (3)]
 12467 | Lair:2   | Slain by a tarantella

Illustrated notes

Levels and vault maps discovered:
D:1:      minmay_arrival_open_corners, layout_loops_ring,
          chequers_ecumenical_altar_simple
D:2:      minmay_recursive_quarters, layout_rooms, serial_corexii_hall,
          corexii_hall_statues_l, chequers_hall_statues_y, serial_shops,
          nicolae_shop_drivethru, nicolae_shop_rolled_up, nicolae_shop_stone,
          shop, shop, minmay_misc_feat_ornament, cheibrodos_gnoll_hut
D:3:      layout_basic, mainiacjoe_overflow_six_doors_small,
          kennysheep_orc_sif_temple, portal_sewer_entry_e,
          minmay_misc_feat_roman, minmay_diced_spiral, uniq_grinder,
          uniq_sigmund
D:4:      layout_loops_ring, old_standard_altar, mainiacjoe_overflow_paths,
          mrwooster_statue_mirror, uniq_natasha
D:5:      layout_basic, nicolae_gozag_seed_capital, serial_aquarium,
          aquarium_bridge_straight [aquarium_subvault_bridge,
          aquarium_subvault_wall, aquarium_subvault_bridge,
          aquarium_subvault_wall], aquarium_window_1, aquarium_window_1,
          aquarium_window_fake, aquarium_window_corridor_1, aquarium_view_2b,
          aquarium_pool_five
D:6:      layout_gridville
D:7:      layout_rooms, nicolae_overflow_crystal_walls,
          minmay_temple_entry_from_below_b
D:8:      layout_cave_pools, nicolae_ru_great_annihilating_truth,
          hangedman_abyss_or_decor_slice
D:9:      layout_rooms, nicolae_ashenzari_skybound,
          grunt_temple_overflow_forces_of_nature, david_lair_shrubbed
D:10:     layout_basic, minivault_11, st_stairs_14, minmay_statue_bubble
D:11:     layout_rooms, kennysheep_orc_monster_closet_entryway,
          kennysheep_generic_room_7
D:12:     layout_basic, gauntlet_entry_generic, serial_co_window_serial,
          co_window_corner_a, co_window_paths_a, co_window_paths_a,
          co_window_corner_a, co_window_paths_a, co_window_corner_ca,
          co_window_broadway_b, co_window_broadway_c, co_window_paths_d,
          nicolae_titane, uniq_azrael
Temple:   minmay_temple_bridge_abc
Lair:1:   layout_chaotic_city, nicolae_volcano_entry_s_turn,
          serial_bayou_shore_b
Lair:2:   layout_long_grid, nicolae_spider_entry_lesser_pyramids,
          ebering_ghost_reflecting_pool

Skill      XL: |  1  2  3  4  5  6  7  8  9 10 11 12 |
---------------+-------------------------------------+-----
Fighting       | 4 5 6 7 9 |  9.6
Maces & Flails | 4 5 6 8 9 11 12 13 | 13.4
Armour         | 4 5 6 7 8 9 |  9.6
Stealth        | 1 |  1.8
Shields        | 4 6 7 8 |  8.0
Dodging        | 1 2 3 4 |  4.8
Throwing       | 1 |  1.9
Invocations    | 2 4 |  4.7

Action                     |  1- 3 |  4- 6 |  7- 9 | 10-12 || total
---------------------------+-------+-------+-------+-------++-------
  Melee: Flail             |   129 |    79 |   160 |   551 ||   919
         Morningstar       |       |       |   129 |       ||   129
         Dire flail        |       |       |    18 |    75 ||    93
  Throw: Dart              |       |       |       |    14 ||    14
   Stab: Distracted        |       |       |       |     1 ||     1
         Paralysed         |       |       |       |     1 ||     1
 Armour: Scale mail        |    76 |    58 |   186 |   309 ||   629
  Dodge: Dodged            |    78 |    41 |   150 |   278 ||   547
  Block: Buckler           |    33 |    18 |    67 |   174 ||   292
         Reflection        |       |       |       |     2 ||     2

Table legend: (Time is in decaauts)
 A = Elapsed time spent in this place.
 B = Non-inter-level travel time spent in this place.
 C = Inter-level travel time spent in this place.
 D = Time resting spent in this place.
 E = Time spent auto-exploring this place.
 F = Levels seen in this place.
 G = Mean time per level.
                   A        B        C        D        E       F      G
               +--------+--------+--------+--------+--------+-----+--------+
         Total |  12458 |  11538 |    920 |    415 |   8711 |  15 |  830.5 |
       Dungeon |  10423 |   9762 |    661 |    415 |   7345 |  12 |  868.6 |
        Temple |     70 |      3 |     67 |      0 |      0 |   1 |   70.0 |
          Lair |   1964 |   1772 |    192 |      0 |   1365 |   2 |  982.0 |
               +--------+--------+--------+--------+--------+-----+--------+

Top non-repeatable levels by time:
    D:10: 1605 daAuts
     D:5: 1198 daAuts
  Lair:1: 1118 daAuts
     D:3: 1075 daAuts
     D:9: 1055 daAuts
     D:6: 982 daAuts
     D:2: 965 daAuts
  Lair:2: 845 daAuts
     D:1: 801 daAuts
     D:7: 756 daAuts
     D:4: 714 daAuts
    D:11: 633 daAuts
     D:8: 632 daAuts
  Temple: 70 daAuts
    D:12: 1 daAuts
